 Dungeon Crawl Stone Soup version 0.22.1-1-ga44c0e56f4 (webtiles) character file.

69 Kuruc the Chopper (level 4, -1/41 HPs)
             Began as a Minotaur Berserker on Sept 27, 2018.
             Was a Believer of Trog.
             Slain by a gnoll
             ... wielding a +0 halberd
              (7 damage)
             ... on level 2 of the Dungeon.
             The game lasted 00:03:04 (1610 turns).

Kuruc the Chopper (Minotaur Berserker)              Turns: 1610, Time: 00:03:05

Health: -1/41      AC:  2    Str: 23    XL:     4   Next: 2%
Magic:  3/3        EV: 12    Int:  4    God:    Trog [**....]
Gold:   99         SH:  0    Dex:  9    Spells: 3/3 levels left

rFire    . . .     SeeInvis .   a - +0 hand axe
rCold    . . .     Gourm    .   (no shield)
rNeg     . . .     Faith    .   b - +0 animal skin
rPois    .         Spirit   .   (helmet restricted)
rElec    .         Reflect  .   (no cloak)
rCorr    .         Harm     .   (no gloves)
MR       .....                  (no boots)
Stlth    +.........             (no amulet)
HPRegen  0.13/turn              (no ring)
MPRegen  0.08/turn              (no ring)

@: no status effects
A: retaliatory headbutt, horns 2
a: Berserk, Trog's Hand, Renounce Religion


You were on level 2 of the Dungeon.
You worshipped Trog.
Trog was pleased with you.
You were not hungry.

You visited 1 branch of the dungeon, and saw 2 of its levels.

You collected 99 gold pieces.

Inventory:

Hand Weapons
 a - a +0 hand axe (weapon)
Armour
 b - a +0 animal skin (worn)
Scrolls
 f - a scroll of immolation {unknown}
 g - a scroll of fear {unknown}
 i - a scroll of blinking {unknown}
 j - 5 scrolls of remove curse {unknown}
 k - a scroll of magic mapping {unknown}
 l - 5 scrolls of identify {unknown}
 n - a scroll of amnesia {unknown}
 p - a scroll of fog {unknown}
 r - a scroll of teleportation {unknown}
Potions
 d - a potion of cancellation {unknown}
 e - a potion of magic {unknown}
 h - a potion of agility {unknown}
 m - a potion of curing {unknown}
 o - a potion of flight {unknown}
Comestibles
 c - 4 rations


   Skills:
 + Level 4.3 Fighting
 + Level 4.7 Axes
 * Level 1.1 Throwing
 + Level 2.5 Armour
 + Level 2.7 Dodging


You had 3 spell levels left.
You didn't know any spells.
Your spell library was empty.

Dungeon Overview and Level Annotations

Branches:
Dungeon (2/15)

Altars:


Innate Abilities, Weirdness & Mutations

You reflexively headbutt those who attack you in melee.
You have a pair of horns on your head.


Message History

You have reached level 4!
You feel stronger.
The gnoll hits you from afar with a halberd!
You see here a flail.
The gnoll closely misses you. x2
The gnoll misses you.
Found a stone staircase leading up.
You hit the gnoll.
The gnoll is lightly wounded.
The gnoll closely misses you. The gnoll hits you.
You slash the gnoll! Your headbutt misses the gnoll.
The gnoll is severely wounded.
The gnoll barely misses you.
The gnoll hits you from afar with a halberd!
* * * LOW HITPOINT WARNING * * *
You barely miss the gnoll.
The gnoll is severely wounded.
The gnoll misses you.
The gnoll hits you from afar with a halberd!
You die...

<. .# .# .# .# .# #.#
.# .# ###.# #.##.##.#
#g@.# #.......##
####.######.#......#
#.†)g..............# #
#.##.##.###........#.#
#
#.##.##.###..........#
########
#.##..............>#
.......#
#.#####.##.........#
######.#
#.#####......#.##### #
#.# #.......#####...#


You could see 2 gnolls.

Vanquished Creatures
  2 adders (D:2)
  A gnoll (D:2)
  A worm (D:2)
  A dart slug (D:2)
  A leopard gecko (D:2)
  7 goblins
  5 hobgoblins
  7 bats
  5 frilled lizards
  6 kobolds (D:1)
  2 rats
38 creatures vanquished.

Notes
Turn   | Place    | Note
-------+----------+-------------------------------------------
     0 | D:1      | Kuruc the Minotaur Berserker began the quest for the Orb.
     0 | D:1      | Reached XP level 1. HP: 19/19 MP: 0/0
   190 | D:1      | Reached XP level 2. HP: 27/27 MP: 1/1
   650 | D:1      | Reached ** piety under Trog
  1104 | D:2      | Reached XP level 3. HP: 30/33 MP: 2/2
  1604 | D:2      | Reached skill level 1 in Throwing
  1604 | D:2      | Reached XP level 4. HP: 38/41 MP: 3/3
  1610 | D:2      | Slain by a gnoll

Skill      XL: |  1  2  3 |
---------------+----------+-----
Axes           | 4 |  4.7
Fighting       | 4 |  4.3
Throwing       | 1 |  1.1
Armour         | |  2.5
Dodging        | |  2.7

Action                   |  1- 3 |  4- 6 || total
-------------------------+-------+-------++-------
Melee: Hand axe          |    66 |     3 ||    69
       Headbutt          |     4 |       ||     4
  Eat: Chunk             |     2 |       ||     2
Armor: Animal skin       |    14 |       ||    14
Dodge: Dodged            |    56 |     6 ||    62
